 Dungeon Crawl Stone Soup version 0.30-a0-937-ga0a21ad780 (webtiles) character file.

Game seed: 8385647552728241702

330205 cheesebisquit the Severer (level 20, -10/189 HPs)
             Began as a Minotaur Fighter on Mar 23, 2023.
             Was the Champion of Qazlal.
             Killed by divine providence
             ... invoked by a deep elf high priest
              (14 damage)
             ... on level 3 of the Elven Halls on Mar 24, 2023.
             The game lasted 02:38:37 (46612 turns).

cheesebisquit the Severer (Minotaur Fighter)       Turns: 46612, Time: 02:38:37

Health: -10/189    AC: 29    Str: 48    XL:     20   Next: 84%
Magic:  12/29      EV: 14    Int:  5    God:    Qazlal [******]
Gold:   1512       SH: 34    Dex:  9    Spells: 19/19 levels left

rFire   . . .      SeeInvis +    a - +5 broad axe (heavy)
rCold   + . .      Faith    .    v - +2 tower shield {rC+}
rNeg    . . .      Spirit   .    P - +0 plate armour of the Four Ziggurats {Will+ SInv}
rPois   .          Reflect  +    (helmet restricted)
rElec   .          Rampage  .    N - +2 cloak {Will+}
rCorr   .                        W - +2 pair of gloves {Str+3}
Will    +++..                    E - +2 pair of boots Stlth
                                 T - amulet of Iptit {Reflect Str+2 SH+5}
HPRegen 0.51/turn                y - ring of Aguoco Gonk {Str+8 Dex-2 SInv}
MPRegen 0.21/turn                I - +6 ring of strength

@: studying 2 skills, repel missiles
A: horns 2, retaliatory headbutt, deterioration 1
}: 2/15 runes: serpentine, barnacled
a: Renounce Religion, Upheaval, Elemental Force, Disaster Area


You were on level 3 of the Elven Halls.
You worshipped Qazlal.
Qazlal was exalted by your worship.
You visited 8 branches of the dungeon, and saw 38 of its levels.
You also visited: Bailey.

You collected 4226 gold pieces.
You spent 2714 gold pieces at shops.

Inventory:

Hand Weapons
 a - a +5 heavy broad axe (weapon)
 b - a +4 eveningstar of draining
Missiles
 c - 2 silver boomerangs
 e - 16 atropa-tipped darts
 l - 8 datura-tipped darts
 m - 19 boomerangs of dispersal
 n - 25 boomerangs (quivered)
 s - 25 curare-tipped darts
 B - 8 silver javelins
 V - 37 poisoned darts
 Z - 7 throwing nets
Armour
 v - a +2 tower shield of cold resistance (worn)
 E - a +2 pair of boots (worn)
 N - a +2 cloak of willpower (worn)
 P - the +0 plate armour of the Four Ziggurats (worn) {Will+ SInv}
   (You found it on level 15 of the Dungeon)

   SInv:      It lets you see invisible.
   Will:      It increases your willpower.
 W - a +2 pair of gloves of strength (worn)
Jewellery
 u - an amulet of guardian spirit
 x - the ring "Kaqet" {rPois Will+ Dex+2}
   (You found it on level 4 of the Shoals)

   [ring of poison resistance]

   Dex:       It affects your dexterity (+2).
   rPois:     It protects you from poison.
   Will:      It increases your willpower.
 y - the ring of Aguoco Gonk (left hand) {Str+8 Dex-2 SInv}
   (You bought it in a shop on level 2 of the Orcish Mines)

   [ring of see invisible]

   Str:       It affects your strength (+8).
   Dex:       It affects your dexterity (-2).
   SInv:      It lets you see invisible.
 I - a +6 ring of strength (right hand)
 T - the amulet of Iptit (around neck) {Reflect Str+2 SH+5}
   (You bought it in a shop on level 2 of the Orcish Mines)

   [amulet of reflection]

   It reflects blocked missile attacks.
   Str:       It affects your strength (+2).
   SH:        It affects your SH (+5).
Wands
 d - a wand of digging (7)
 f - a wand of acid (5)
 C - a wand of polymorph (21)
 G - a wand of charming (17)
 O - a wand of flame (38)
 Q - a wand of iceblast (26)
 U - a wand of mindburst (25)
Scrolls
 g - 7 scrolls of fog
 j - 17 scrolls of teleportation
 o - 3 scrolls of silence
 q - 9 scrolls of immolation
 t - 6 scrolls of fear
 w - a scroll of summoning
 M - 2 scrolls of blinking
 S - 3 scrolls of magic mapping
 Y - 10 scrolls of poison
Potions
 h - 3 potions of invisibility
 k - 2 potions of ambrosia
 p - 4 potions of might
 r - 11 potions of curing
 z - 3 potions of berserk rage
 A - 2 potions of haste
 D - 5 potions of cancellation
 H - 4 potions of lignification
 J - 7 potions of flight
 K - 5 potions of mutation
 L - 4 potions of resistance
 X - 4 potions of attraction
Miscellaneous
 i - a lightning rod (4/4)
 F - a box of beasts
 R - a lightning rod (4/4)


   Skills:
 + Level 18.5 Fighting
 + Level 19.4 Axes
 + Level 12.2 Throwing
 + Level 18.5 Armour
 + Level 18.8 Dodging
 + Level 18.4 Shields
 + Level 14.6 Invocations


You had 19 spell levels left.
You didn't know any spells.
Your spell library contained the following spells:

 Spells                   Type           Power      Damage    Failure   Level
 Apportation              Tloc           0%         N/A       98%         1
 Beastly Appendage        Tmut           0%         N/A       98%         1
 Magic Dart               Conj           0%         1d3       98%         1
 Necrotise                Necr           0%         1d4       98%         1
 Slow                     Hex            0%         N/A       98%         1
 Sting                    Tmut/Pois      0%         1d3       98%         1
 Summon Small Mammal      Summ           0%         N/A       98%         1
 Lesser Beckoning         Tloc           0%         N/A       99%         2
 Passwall                 Tmut/Erth      0%         N/A       99%         2
 Scorch                   Fire           0%         2d5       99%         2
 Searing Ray              Conj           0%         2d4       99%         2
 Static Discharge         Conj/Air       0%         2-2/arc   99%         2
 Sublimation of Blood     Necr           0%         N/A       99%         2
 Wereblood                Tmut           0%         N/A       99%         2
 Confusing Touch          Hex            0%         N/A       100%        3
 Gell's Gravitas          Tloc           0%         N/A       100%        3
 Inner Flame              Hex/Fire       0%         N/A       100%        3
 Spider Form              Tmut/Pois      0%         N/A       100%        3
 Teleport Other           Tloc           0%         N/A       100%        3
 Vampiric Draining        Necr           0%         2d6       100%        3
 Vhi's Electric Charge    Tloc/Air       0%         N/A       100%        3
 Airstrike                Air            0%         2d(0-16)  100%        4
 Flame Wave               Conj/Fire      0%         2d4       100%        4
 Fulminant Prism          Conj/Hex       0%         3d5       100%        4
 Petrify                  Tmut/Erth      0%         N/A       100%        4
 Sticky Flame             Conj/Fire      0%         2d3       100%        4
 Summon Lightning Spire   Summ/Air       0%         N/A       100%        4
 Alistair's Intoxication  Tmut/Pois      0%         N/A       100%        5
 Arcjolt                  Conj/Air       0%         1d10      100%        5
 Irradiate                Conj/Tmut      0%         3d11      100%        5
 Plasma Beam              Fire/Air       0%         2x1d11    100%        5
 Yara's Violent Unravell  Hex/Tmut       0%         3d3       100%        5
 Statue Form              Tmut/Erth      0%         N/A       100%        6
 Summon Cactus Giant      Summ           0%         N/A       100%        6


Dungeon Overview and Level Annotations

Branches:
Dungeon (15/15)            Temple (1/1) D:6            Lair (5/5) D:8
 Shoals (4/4) Lair:3        Snake (4/4) Lair:3        Slime (0/5) Lair:5
    Orc (2/2) D:9             Elf (3/3) Orc:2        Vaults (4/5) D:13
  Crypt (0/3) Vaults:3     Depths (0/4) D:15         Bailey (visited)

Altars:
Ashenzari
Cheibriados
Dithmenos
Elyvilon
Fedhas
Gozag
Hepliaklqana
Kikubaaqudgha
Makhleb
Nemelex Xobeh
Okawaru
Qazlal
Ru
Sif Muna
Trog
Uskayaw
Vehumet
Wu Jian
Xom
Yredelemnul
Zin
The Shining One

Shops:
D:5 **   D:11 :   D:15 :   Orc:1 :   Orc:2 ==([   Shoals:3 *   Vaults:2 [


Innate Abilities, Weirdness & Mutations

You have a pair of horns on your head.
You reflexively headbutt those who attack you in melee.
Your body sometimes deteriorates upon taking damage.


Message History

You kill the deep elf demonologist!
Qazlal accepts your kill.
The blast of ice hits the sun demon!!!
The sun demon is frozen!
You kill the sun demon!
The sun demon disappears in a puff of smoke!
The blast of ice hits the Hell Sentinel.
The Hell Sentinel partially resists.
The Hell Sentinel is lightly wounded.
The Hell Sentinel is flash-frozen.
The blast of ice hits the deep elf demonologist!
You kill the deep elf demonologist!
Qazlal accepts your kill.
The Hell Sentinel disappears in a puff of smoke!
The ynoxinul disappears in a puff of smoke!
You feel sick.
You are no longer poisoned.
The deep elf high priest mumbles some strange prayers to its god against you.
The sphere of damnation explodes!
The damnation engulfs you!!!
* * * LOW HITPOINT WARNING * * *
Things that are here:
a +0 dagger; a +0 leather armour Activating: Elemental Force (0% risk of failure)
Press: ? - help, Dir - look around, f - activate Look: a deep elf high priest, wielding a +0 short sword and wearing a +0 scale mail (severely wounded)
Okay, then.
Aiming: Upheaval
Press: ? - help, Dir - move target, f - deep elf high priest
Aim: a deep elf high priest, wielding a +0 scimitar of electrocution (severely wounded)
Okay, then.
You hear a shout!
Items here: )))))) [[ ††††.
The deep elf high priest calls down the wrath of its god upon you.
The sphere of damnation explodes!
The damnation engulfs you!
* * * LOW HITPOINT WARNING * * *
The deep elf high priest calls down the wrath of its god upon you.
Something smites you!
* * * LOW HITPOINT WARNING * * *
The deep elf high priest mumbles some strange prayers to its god against you.
Something smites you!
You die...

#......#..#
#<.....#..#
#......'..# #
#......#..# #.
#......#..# #..
#......#..#
#...########..#
.......§.§)..)#
.....○.☼@§....#
######§#######
#)).# #)e.#
#.e.# ##)##


)e) )). ... You could see 3 deep elf high priests.

Vanquished Creatures
  Vashnia (Snake:4)
  Jorgrun (D:14)
  A titan (Vaults:4)
  A deep elf blademaster (Elf:3)
  A deep elf master archer (Elf:3)
  6 sphinxes
  Frances (Elf:1)
  2 krakens
  Kirke (D:12)
  Roxanne (D:15)
  The ghost of bmack86 the Severer, an adept MiFi of Okawaru (Shoals:3)
  Donald (Vaults:3)
  11 nagarajas
  A fire giant (Vaults:4)
  A frost giant (Vaults:4)
  3 deep elf sorcerers (Elf:3)
  Aizul (Snake:3)
  8 vault wardens
  A deep elf elementalist (Elf:1)
  A war gargoyle (Vaults:2)
  2 orc warlords
  6 very ugly things
  9 ironbound preservers
  A stone giant (Vaults:3)
  6 deep elf demonologists
  Nessos (D:14)
  3 vampire knights (Vaults:3)
  6 deep elf annihilators (Elf:3)
  7 ironbound thunderhulks
  8 dire elephants
  3 merfolk javelineers (Shoals:4)
  An ettin (Vaults:3)
  2 fire dragons
  5 yaktaur captains
  3 deep elf death magi
  4 deep elf high priests (Elf:3)
  2 crystal guardians (Vaults:2)
  6 merfolk impalers
  A rakshasa (D:14)
  An ice dragon (D:15)
  The ghost of Taczaky the Blocker, a journeyman MiFi of Ashenzari (Shoals:1)
  7 great orbs of eyes
  3 salamander tyrants
  A vault guard (D:13)
  4 hydras
  8 ogre magi
  3 peacekeepers (Vaults:2)
  A catoblepas (Lair:4)
  7 ironbound frosthearts
  3 merfolk aquamancers
  A merfolk avatar (Shoals:2)
  2 alligator snapping turtles
  7 anacondas
  5 centaur warriors
  6 boulder beetles
  22 two-headed ogres
  11 death yaks
  5 satyrs
  11 naga sharpshooters (Snake:4)
  17 naga warriors
  26 dancing weapons
  2 orc high priests (Elf:1)
  2 tengu warriors
  4 shock serpents
  A soul eater (Vaults:3)
  7 deep elf knights
  Nergalle (Lair:1)
  5 salamander mystics
  A goliath frog (Lair:5)
  3 skysharks
  A glowing orange brain (Vaults:1)
  17 sea snakes
  31 deep trolls
  2 lindwurms (Vaults:1)
  2 deep elf archers (Elf:3)
  4 naga ritualists
  A kraken simulacrum (Shoals:4)
  5 orc knights
  8 ironbound convokers
  17 deep elf pyromancers
  5 necromancers
  5 harpies (Shoals:2)
  34 ugly things
  8 wizards
  16 deep elf zephyrmancers
  A tengu skeleton (Vaults:4)
  6 mana vipers
  29 fauns
  A cyclops (shapeshifter) (D:14)
  8 cyclopes
  5 orc sorcerers
  5 merfolk sirens
  Maurice (D:10)
  17 salamanders
  2 water nymphs
  8 elephants
  5 manticores
  A frost giant skeleton (Vaults:4)
  A black mamba (shapeshifter) (D:15)
  19 vault sentinels
  18 black mambas
  6 guardian serpents
  A torpor snail (Lair:3)
  An unseen horror (D:11)
  19 cane toads
  18 naga magi
  3 gargoyles
  3 rime drakes
  8 komodo dragons
  2 tengu conjurers
  3 efreet
  27 yaktaurs
  2 wind drakes
  3 meliai (D:15)
  7 trolls
  19 merfolk
  2 tyrant leeches
  Prince Ribbit (D:5)
  12 blink frogs
  7 dream sheep
  2 hornets
  2 tarantellas (D:15)
  10 snapping turtles
  A fire giant simulacrum (Vaults:4)
  29 slime creatures
  2 air elementals (Elf:2)
  An elf zombie (Vaults:4)
  47 yaks
  12 water elementals
  2 wraiths
  2 shadows
  3 fire bats (Orc:1)
  A fire elemental (Elf:1)
  3 vampires
  4 hogs
  21 humans
  2 redbacks (D:15)
  A wyvern (D:8)
  4 basilisks
  2 human simulacra (Vaults:3)
  25 vampire mosquitoes
  3 acid dragons
  2 wargs
  A glowing shapeshifter zombie (Vaults:4)
  54 nagas
  7 water moccasins
  2 ice beasts
  2 floating eyes (Orc:1)
  A sky beast (D:7)
  21 orc warriors
  4 black bears
  9 centaurs
  9 wolves
  24 ogres
  A centaur (shapeshifter) (Elf:2)
  A human skeleton (Vaults:3)
  A phantom (D:7)
  10 kobold brigands
  A human zombie (Vaults:4)
  14 bullfrogs
  4 earth elementals
  5 scorpions
  11 wights
  3 howler monkeys
  2 electric eels (Lair:5)
  4 hounds
  12 orc priests
  A sleepcap (D:4)
  2 jellies (D:5)
  2 iguanas (D:4)
  23 orc wizards
  A hound zombie (D:3)
  10 adders
  A white imp (D:7)
  2 adder zombies (D:3)
  A worm (D:2)
  67 orcs
  9 ball pythons
  8 bats
  2 bat zombies (D:5)
  12 endoplasms
  7 giant cockroaches
  13 goblins
  5 hobgoblins
  6 jackals
  27 kobolds
  6 quokkas
  A ball python zombie (D:3)
  5 frilled lizards
  3 rats
  2 rat zombies (D:5)
  A plant (Shoals:3)
  6 tentacles
1333 creatures vanquished.

Vanquished Creatures (collateral kills)
  A nagaraja (Snake:4)
  A naga warrior (Snake:4)
  A slime creature (D:12)
  A vampire mosquito (D:12)
  A naga (Snake:4)
5 creatures vanquished.

Vanquished Creatures (others)
  A deep elf demonologist (Elf:3)
  2 deep elf pyromancers (Elf:2)
  2 deep elf zephyrmancers
  A rime drake (Lair:4)
  A naga (Snake:4)
  An orc warrior (Bailey)
  A kobold (D:11)
  29 fungi
  116 plants
  9 tentacles
163 creatures vanquished.

Grand Total: 1501 creatures vanquished

Notes
Turn   | Place    | Note
-------+----------+-------------------------------------------
     0 | D:1      | cheesebisquit the Minotaur Fighter began the quest for the
                  | Orb.
     0 | D:1      | Reached XP level 1. HP: 19/19 MP: 0/0
   125 | D:1      | Reached XP level 2. HP: 27/27 MP: 1/1
   189 | D:1      | Reached skill level 3 in Axes
   377 | D:1      | Reached skill level 1 in Dodging
   515 | D:1      | Reached XP level 3. HP: 29/33 MP: 2/2
  1181 | D:2      | Reached XP level 4. HP: 40/40 MP: 3/3
  1585 | D:2      | Found a faded altar of an unknown god.
  1802 | D:2      | Reached skill level 4 in Axes
  2168 | D:3      | Reached XP level 5. HP: 27/47 MP: 4/4
  2365 | D:3      | Found a basalt altar of Yredelemnul.
  2611 | D:4      | Found a hazy altar of Hepliaklqana.
  2621 | D:4      | Found a blossoming altar of Fedhas.
  2902 | D:4      | Reached XP level 6. HP: 45/53 MP: 5/5
  2905 | D:4      | Reached skill level 5 in Axes
  3335 | D:5      | Entered Level 5 of the Dungeon
  3420 | D:5      | Reached skill level 5 in Shields
  3446 | D:5      | Found Ilablo's Mayhem Merchandise.
  3450 | D:5      | Bought a +0 broad axe for 40 gold pieces
  3576 | D:5      | Reached skill level 5 in Fighting
  3576 | D:5      | Reached skill level 5 in Armour
  3576 | D:5      | Reached XP level 7. HP: 54/61 MP: 6/6
  3619 | D:5      | Noticed Prince Ribbit
  3621 | D:5      | Found Matropic's General Store.
  3686 | D:5      | Found an ancient bone altar of Kikubaaqudgha.
  3803 | D:5      | Bought a scroll of summoning for 123 gold pieces
  3803 | D:5      | Bought a potion of curing for 39 gold pieces
  3891 | D:5      | Killed Prince Ribbit
  3892 | D:5      | Reached skill level 6 in Axes
  4229 | D:5      | Found a broken altar of Ashenzari.
  4423 | D:6      | You fall into a shaft and drop 2 floors!
  4503 | D:7      | Reached XP level 8. HP: 68/70 MP: 7/7
  4524 | D:6      | Reached skill level 7 in Axes
  4614 | D:6      | Found a staircase to the Ecumenical Temple.
  4623 | Temple   | Entered the Ecumenical Temple
  4769 | Temple   | Became a worshipper of Qazlal Stormbringer
  5292 | D:7      | Noticed a hornet
  5297 | D:7      | Paralysed by a hornet for 2 turns
  5302 | D:7      | Paralysed by a hornet for 2 turns
  5308 | D:7      | Killed a hornet
  5309 | D:7      | Reached skill level 8 in Axes
  5735 | D:7      | Reached * piety under Qazlal
  5805 | D:7      | Reached XP level 9. HP: 78/78 MP: 8/8
  5812 | D:7      | Reached skill level 5 in Dodging
  6018 | D:7      | Reached skill level 9 in Axes
  6512 | D:8      | Reached skill level 1 in Invocations
  6724 | D:8      | Reached skill level 10 in Axes
  6727 | D:8      | Reached ** piety under Qazlal
  6926 | D:8      | Reached XP level 10. HP: 59/88 MP: 10/10
  7095 | D:8      | Found a hide-covered altar of Uskayaw.
  7126 | D:8      | Noticed a +0 dagger
  7126 | D:8      | Noticed a +0 hand axe
  7208 | D:8      | Found an ornate altar of the Wu Jian Council.
  7208 | D:8      | Found an opulent altar of Gozag.
  7503 | D:8      | Found a shadowy altar of Dithmenos.
  7660 | D:8      | Found a staircase to the Lair.
  8296 | D:9      | Found a flagged portal.
  8303 | Bailey   | Entered a bailey
  8322 | Bailey   | Reached *** piety under Qazlal
  8478 | Bailey   | Identified the +1 chain mail "Reatif" {rPois Will+ rCorr
                  | Str+3}
  8489 | Bailey   | Found a bloodstained altar of Trog.
  8495 | Bailey   | Reached skill level 11 in Axes
  8607 | D:9      | Found a radiant altar of Vehumet.
  8771 | D:9      | Found a staircase to the Orcish Mines.
  8814 | D:10     | Entered Level 10 of the Dungeon
  8999 | D:10     | Noticed Maurice
  9027 | D:10     | Killed Maurice
  9093 | D:10     | Noticed a gargoyle
  9101 | D:10     | Killed a gargoyle
  9114 | D:10     | Reached XP level 11. HP: 95/95 MP: 13/13
  9281 | D:10     | Found an iron altar of Okawaru.
  9297 | D:10     | Reached **** piety under Qazlal
  9367 | D:10     | Noticed a two-headed ogre
  9374 | D:10     | Killed a two-headed ogre
  9375 | D:10     | Reached skill level 12 in Axes
  9781 | D:11     | Noticed a green ugly thing
  9794 | D:11     | Killed a green ugly thing
  9795 | D:11     | Reached skill level 5 in Invocations
  9902 | D:11     | Found Xyumasyrgh's Book Boutique.
 10580 | D:12     | Reached skill level 13 in Axes
 10586 | D:12     | Reached skill level 10 in Shields
 10630 | D:12     | Noticed Kirke
 10680 | D:12     | Reached XP level 12. HP: 91/106 MP: 15/15
 10691 | D:12     | Reached skill level 10 in Fighting
 10691 | D:12     | Reached ***** piety under Qazlal
 10692 | D:12     | Reached skill level 10 in Armour
 10979 | D:12     | Noticed a centaur warrior
 10991 | D:12     | Killed a centaur warrior
 11317 | D:12     | Noticed a boulder beetle
 11331 | D:12     | Killed a boulder beetle
 11490 | D:12     | Found an opulent altar of Gozag.
 11719 | D:12     | Noticed a boulder beetle
 11742 | D:12     | Killed a boulder beetle
 11804 | D:12     | Killed Kirke
 11805 | D:12     | Reached skill level 14 in Axes
 12108 | Lair:1   | Entered Level 1 of the Lair of Beasts
 12247 | Lair:1   | Noticed Nergalle
 12253 | Lair:1   | Killed Nergalle
 12276 | Lair:1   | Identified the +1 scale mail "Diusal" {Will- Dex+4}
 13038 | Lair:2   | You fall into a shaft and drop 2 floors!
 13389 | Lair:3   | Found a staircase to the Snake Pit.
 13606 | Lair:3   | Noticed a death yak
 13615 | Lair:3   | Killed a death yak
 13616 | Lair:3   | Reached XP level 13. HP: 116/116 MP: 17/17
 14029 | Lair:2   | Reached skill level 15 in Axes
 14616 | Lair:3   | Found a staircase to the Shoals.
 15345 | Lair:4   | Reached skill level 10 in Dodging
 16138 | Lair:5   | Entered Level 5 of the Lair of Beasts
 16148 | Lair:5   | Reached skill level 16 in Axes
 16148 | Lair:5   | Reached ****** piety under Qazlal
 16156 | Lair:4   | Reached XP level 14. HP: 103/126 MP: 3/19
 17119 | Lair:5   | Found a staircase to the Slime Pits.
 17748 | Orc:1    | Entered Level 1 of the Orcish Mines
 17748 | Orc:1    | Found Fyoss's Book Emporium.
 18042 | Orc:1    | Found a bloodstained altar of Trog.
 18535 | Orc:1    | Paralysed by an orc sorcerer for 2 turns
 18538 | Orc:1    | Gained mutation: Your body sometimes deteriorates upon
                  | taking damage. [a neqoxec]
 18550 | Orc:1    | Reached skill level 1 in Throwing
 18673 | Orc:2    | Entered Level 2 of the Orcish Mines
 18951 | Orc:2    | Found a staircase to the Elven Halls.
 18970 | Orc:2    | Reached skill level 17 in Axes
 19355 | Orc:2    | Found Zeut's Armour Boutique.
 19355 | Orc:2    | Found Ytroasm's Jewellery Shoppe.
 19355 | Orc:2    | Found Noenyps's Weapon Shoppe.
 19355 | Orc:2    | Found Kuxun's Jewellery Shop.
 19365 | Orc:2    | Bought the ring of Aguoco Gonk {Str+8 Dex-2 SInv} for 449
                  | gold pieces
 19383 | Orc:2    | Bought the amulet of Iptit {Reflect Str+2 SH+5} for 535
                  | gold pieces
 19949 | D:12     | Upgraded the game from 0.30-a0-930-gb9d0489357 to
                  | 0.30-a0-937-ga0a21ad780
 20132 | Orc:2    | Bought the +0 plate armour of the Stopping Gods {Int+4} for
                  | 537 gold pieces
 20508 | D:13     | Reached XP level 15. HP: 134/134 MP: 20/20
 20722 | D:13     | Found a gate to the Vaults.
 20841 | D:13     | Found a sparkling altar of Nemelex Xobeh.
 21176 | D:14     | Noticed Jorgrun
 21186 | D:14     | Killed Jorgrun
 21271 | D:14     | Noticed Nessos
 21279 | D:14     | Killed Nessos
 21967 | D:14     | Reached skill level 18 in Axes
 22176 | D:15     | Entered Level 15 of the Dungeon
 22546 | D:15     | Identified Roxanne's Lectures on Composition
 22546 | D:15     | Noticed Roxanne
 22581 | D:15     | Killed Roxanne
 22779 | D:15     | Found a bloodstained altar of Trog.
 22872 | D:15     | Reached skill level 10 in Invocations
 22975 | D:15     | Reached skill level 5 in Throwing
 23108 | D:15     | Found Niacy's Book Shop.
 23186 | D:15     | Found a staircase to the Depths.
 23263 | D:15     | Identified the +0 plate armour of the Four Ziggurats {Will+
                  | SInv}
 23647 | Snake:1  | Entered Level 1 of the Snake Pit
 23885 | Snake:1  | Identified the ring "Buif Pie" {rF+ rC+++ AC+4 Dex-5 Slay-4
                  | Stlth+}
 24340 | Snake:1  | Reached XP level 16. HP: 115/145 MP: 22/22
 27327 | Snake:3  | Noticed Aizul
 27335 | Snake:3  | Killed Aizul
 28029 | Snake:4  | Entered Level 4 of the Snake Pit
 28727 | Snake:4  | Noticed Vashnia
 28785 | Snake:4  | Reached skill level 15 in Shields
 28799 | Snake:4  | Killed Vashnia
 28800 | Snake:4  | Reached skill level 15 in Armour
 28890 | Snake:4  | Reached skill level 15 in Fighting
 28904 | Snake:4  | Reached XP level 17. HP: 92/156 MP: 24/24
 29898 | Snake:4  | Got a serpentine rune of Zot
 31061 | Shoals:1 | Entered Level 1 of the Shoals
 31850 | Shoals:1 | Found a runed translucent door.
 31851 | Shoals:1 | Found a shimmering altar of Xom.
 31851 | Shoals:1 | Noticed Taczaky's ghost (journeyman MiFi)
 32503 | Shoals:2 | Noticed a kraken
 32514 | Shoals:2 | Killed a kraken
 34007 | Shoals:3 | Found Masuh's Assorted Antiques.
 34187 | Shoals:3 | Bought a scroll labelled VAMIGU CODOSA for 19 gold pieces
 34187 | Shoals:3 | Bought a scroll of enchant armour for 142 gold pieces
 34189 | Shoals:3 | Acquired a manual of Dodging
 34229 | Shoals:3 | Bought a runed helmet for 142 gold pieces
 34288 | Shoals:3 | Reached XP level 18. HP: 163/166 MP: 26/26
 34399 | Shoals:3 | Found a transporter.
 34401 | Shoals:3 | Found a transporter.
 34402 | Shoals:3 | Noticed bmack86's ghost (adept MiFi)
 34665 | Shoals:4 | Entered Level 4 of the Shoals
 36320 | Shoals:4 | Got a barnacled rune of Zot
 36473 | Shoals:4 | Identified the ring "Kaqet" {rPois Will+ Dex+2}
 37097 | Shoals:1 | Killed Taczaky's ghost
 37178 | Shoals:3 | Reached skill level 15 in Dodging
 37190 | Shoals:3 | Killed bmack86's ghost
 37426 | Shoals:3 | Identified the ring of Ovvek {Ice rN+ Dex+2 Slay+2}
 37451 | Shoals:3 | Bought a wand of polymorph (6) for 159 gold pieces
 37451 | Shoals:3 | Bought 2 potions of berserk rage for 190 gold pieces
 37451 | Shoals:3 | Bought 2 potions of flight for 114 gold pieces
 37678 | Vaults:1 | Entered Level 1 of the Vaults
 38442 | Vaults:1 | Reached skill level 10 in Throwing
 39892 | Vaults:2 | Found Ikkijud's Antique Armour Shop.
 39895 | Vaults:2 | Bought a pair of runed gloves for 225 gold pieces
 40384 | Vaults:2 | Identified the +8 arbalest of Ustrulyu {drain, Str-3 Int+4}
 40582 | Vaults:2 | Reached XP level 19. HP: 169/174 MP: 27/27
 41752 | Vaults:3 | Noticed Donald
 41760 | Vaults:3 | Killed Donald
 42099 | Vaults:3 | Found a staircase to the Crypt.
 43515 | Vaults:4 | Reached XP level 20. HP: 179/187 MP: 29/29
 44221 | Elf:1    | Entered Level 1 of the Elven Halls
 44417 | Elf:1    | Noticed Frances
 44424 | Elf:1    | Killed Frances
 44601 | Elf:1    | Reached skill level 19 in Axes
 45268 | Elf:2    | Paralysed by an air elemental for 1 turns
 45454 | Elf:2    | Found a runed translucent gate.
 45454 | Elf:2    | Found a runed translucent gate.
 45465 | Elf:2    | Found a runed translucent gate.
 46479 | Elf:3    | Entered Level 3 of the Elven Halls
 46612 | Elf:3    | HP: 4/189 [deep elf high priest/divine providence (8)]
 46612 | Elf:3    | Killed from afar by a deep elf high priest

Illustrated notes

Levels and vault maps discovered:
D:1:      co_arrival_square_in_a_square_in_a_square, layout_basic
D:2:      minmay_thinvault, layout_basic,
          hellmonk_ecumenical_altar_leap_of_faith, minmay_misc_feat_iff,
          minmay_between
D:3:      layout_rooms, nicolae_yredelemnul_corpse_copse,
          kennysheep_generic_room_3
D:4:      layout_loops_ring, jmf_multi_god_temple
D:5:      layout_rooms, lemuel_coloured_pillars_altar,
          lemuel_zombie_altar_kikubaaqudgha, serial_shops,
          nicolae_inconvenience_store, minmay_shop_mayhem, chequers_garden,
          uniq_prince_ribbit1
D:6:      layout_rooms, minmay_temple_entry_antechambers,
          kennysheep_flooded_box, minmay_crystal_room
D:7:      layout_basic, kennysheep_generic_room_5
D:8:      layout_loops_corners, nicolae_dithmenos_through_a_glass_darkly,
          dancing_weapons_uskayaw, mainiacjoe_overflow_large_starburst,
          grunt_lair_entry_orc_guard_hut, eino_curves_03
D:9:      layout_rooms, lemuel_round_altar, orc_0_dummy, enter_bailey_1
D:10:     lemuel_troll_bridge, layout_irregular_city, okawaru_ov_weapons_minmay,
          uniq_maurice
D:11:     layout_loops_cross, serial_shops, shop_fountains,
          minmay_unpleasant_kobolds
D:12:     layout_layer_cave, nicolae_gozag_cash_rules_everything_around_me,
          uniq_kirke
D:13:     layout_loops_ring, grunt_vaults_entry_tiered,
          nemelex_diamond_rough_becter
D:14:     layout_irregular_city, serial_park_square3
          [serial_park_minivault_5x5_3], uniq_nessos, uniq_jorgrun
D:15:     grunt_enter_depths_hoard, layout_loops_ring, bloody_trog,
          serial_shops, shop, uniq_roxanne
Temple:   jpeg_temple_clearing
Lair:1:   layout_chaotic_city, uniq_nergalle
Lair:2:   layout_loops_ring, nicolae_volcano_entry_two_sided
Lair:3:   layout_cave_pods, elwin_shoals_entry_stream,
          guppyfry_snake_entry_island, beast_lair_carwin_7
Lair:4:   layout_loops_ring, gauntlet_entry_generic, portal_ice_cave_rime,
          serial_bayou_shore_a
Lair:5:   minmay_lair_end_frog_pond, layout_loops_ring, slime_entry_1,
          infiniplex_staircase_pool
Shoals:1: layout_shoals, ebering_ghost_xom
Shoals:2: layout_shoals, nicolae_shoals_water_elemental_grotto
Shoals:3: layout_shoals, ebering_ghost_davey_jones, serial_shops,
          nicolae_shop_overgrown_old_shop, overgrown_tower
Shoals:4: shoals_end_grunt_ice, layout_shoals
Snake:1:  layout_grid_shapes
Snake:2:  layout_gridlike, lemuel_fruit_tree, grunt_megastairs_2
Snake:3:  nicolae_aizul_guard, layout_misc_corridors, nicolae_integral_box
Snake:4:  minmay_snake_end_coiled, layout_cave_town, serial_bayou_pond_a,
          uniq_vashnia
Orc:1:    hellmonk_paralyzer, layout_diamond_mine, basic_altar, serial_shops,
          shop, nicolae_orc_lava_tube, nicolae_orc_rockfall
Orc:2:    st_orc_ogre_mass, layout_diamond_mine
Elf:1:    nicolae_elf_arrival_no_cutting_in_line, layout_gridlike,
          hangedman_elven_crosses_minicolossus,
          nicolae_concentric_dashed_squares_mild, uniq_frances
Elf:2:    elven_hall_of_blades_hangedman_original
          [nicolae_blade_entry_pointy_end], layout_gridlike,
          hellmonk_bongcloud_opening, grunt_ministairs_10
Elf:3:    minmay_elf_hall_not_hex, layout_onion_city, basic_altar
Vaults:1: lightli_enter_wizlab_magi_temple, grunt_vaults_hallway_long,
          hangedman_vaults_locks, hangedman_vaults_variations,
          ontoclasm_vaults_idyll, vaults_dpeg_encased_lava,
          nicolae_vaults_specimen_jars, nicolae_vaults_network_barrier,
          v_misc_16, hangedman_vaults_stretched_pinwheel, layout_vaults_omnigrid
Vaults:2: ontoclasm_vaults_loading_screen, nicolae_vaults_little_squares_2,
          hangedman_vaults_stretched_pinwheel, v_rooms_1, nicolae_vaults_theta,
          hangedman_vaults_corner, nicolae_vaults_puzzle_piece,
          ontoclasm_vaults_bender, nicolae_vaults_yaktaur_gun_rack, v_misc_23,
          v_misc_23, layout_vaults_maze_bifur, serial_shops, shop
Vaults:3: v_misc_4, v_misc_1, minmay_crypt_entry_simple_plaza,
          ontoclasm_vaults_gateway, nicolae_vaults_murderbox,
          nicolae_vaults_little_squares_1, nicolae_vaults_mini_display_case,
          nicolae_vaults_circle_grid_a, v_pattern_4, v_misc_22,
          nicolae_vaults_ninety_degrees, ontoclasm_vaults_hangar, v_misc_8,
          nicolae_vaults_alarming, layout_vaults_omnicross, uniq_donald
Vaults:4: nicolae_vaults_theta, hangedman_vaults_restitches, v_alt_pattern_4,
          v_misc_26, grunt_vaults_focal, vaults_mumra_chevron_long,
          nicolae_vaults_an_arrangement, ontoclasm_vaults_chip,
          grunt_vaults_hallway_short, hangedman_vaults_slice,
          layout_vaults_big_room

Skill      XL: |  1  2  3  4  5  6  7  8  9 10 11 12 13 14 15 16 17 18 19 20 |
---------------+-------------------------------------------------------------+-----
Axes           | 3 4 5 6 8 10 11 13 14 16 17 18 19 | 19.4
Dodging        | 1 2 3 4 6 7 8 9 10 11 12 13 14 16 17 18 | 18.8
Shields        | 4 5 6 7 8 10 11 12 13 14 15 16 17 18 | 18.4
Fighting       | 4 5 6 7 8 9 11 12 13 15 16 17 18 | 18.5
Armour         | 4 5 6 7 8 9 11 12 13 15 16 17 18 | 18.5
Invocations    | 2 4 5 6 8 9 10 11 12 13 14 | 14.6
Throwing       | 2 5 7 9 10 11 12 | 12.2

Action                     |  1- 3 |  4- 6 |  7- 9 | 10-12 | 13-15 | 16-18 | 19-21 || total
---------------------------+-------+-------+-------+-------+-------+-------+-------++-------
  Melee: War axe           |    88 |   161 |       |       |       |       |       ||   249
         Headbutt          |     9 |    19 |    34 |   102 |   117 |   158 |   114 ||   553
         Broad axe         |       |     3 |   198 |   465 |   584 |   759 |   484 ||  2493
         Eveningstar       |       |       |       |       |    10 |       |       ||    10
  Throw: Dart              |       |       |       |    44 |   158 |    23 |       ||   225
         Boomerang         |       |       |       |       |       |   121 |     9 ||   130
 Invoke: Disaster Area     |       |       |       |       |     4 |     3 |     3 ||    10
         Elemental Force   |       |       |       |       |       |     2 |       ||     2
         Upheaval          |       |       |       |       |       |     1 |     2 ||     3
    Use: Scroll            |       |    12 |     3 |    20 |     6 |     6 |     1 ||    48
         Potion            |       |       |     7 |     3 |     4 |     5 |       ||    19
   Stab: Petrified         |       |       |       |       |     1 |       |       ||     1
         Held in net/web   |       |       |       |       |     1 |       |       ||     1
         Paralysed         |       |       |       |       |       |     1 |       ||     1
 Armour: Scale mail        |    42 |    11 |       |       |       |       |       ||    53
         Plate armour      |       |   137 |   139 |   248 |   243 |   202 |   100 ||  1069
  Dodge: Dodged            |    34 |    84 |    76 |   140 |   190 |   213 |   101 ||   838
         Repelled          |       |       |       |     1 |    10 |    20 |     7 ||    38
  Block: Buckler           |    12 |    38 |    79 |   360 |   517 |       |       ||  1006
         Reflection        |       |       |       |    19 |    40 |   227 |    69 ||   355
         Kite shield       |       |       |       |       |   120 |   182 |       ||   302
         Tower shield      |       |       |       |       |       |  1048 |   617 ||  1665

Table legend: (Time is in decaauts)
 A = Elapsed time spent in this place.
 B = Non-inter-level travel time spent in this place.
 C = Inter-level travel time spent in this place.
 D = Time resting spent in this place.
 E = Time spent auto-exploring this place.
 F = Levels seen in this place.
 G = Mean time per level.
                   A        B        C        D        E       F      G
               +--------+--------+--------+--------+--------+-----+--------+
         Total |  47473 |  43415 |   4058 |   7919 |  27980 |  39 | 1217.3 |
       Dungeon |  15860 |  14343 |   1517 |   1185 |  10393 |  15 | 1057.3 |
        Temple |    156 |    122 |     34 |      0 |    109 |   1 |  156.0 |
          Lair |   5951 |   5405 |    546 |    705 |   3916 |   5 | 1190.2 |
        Shoals |   6495 |   5895 |    600 |   2558 |   2436 |   4 | 1623.8 |
     Snake Pit |   7461 |   7045 |    416 |   2173 |   3755 |   4 | 1865.2 |
  Orcish Mines |   2361 |   2104 |    257 |    528 |   1254 |   2 | 1180.5 |
   Elven Halls |   2426 |   2318 |    108 |     56 |   1816 |   3 |  808.7 |
        Vaults |   6486 |   5907 |    579 |    711 |   4115 |   4 | 1621.5 |
        Bailey |    274 |    274 |      0 |      0 |    185 |   1 |  274.0 |
               +--------+--------+--------+--------+--------+-----+--------+

Top non-repeatable levels by time:
 Snake:4: 2741 daAuts
Shoals:4: 2070 daAuts
Vaults:2: 2009 daAuts
Shoals:2: 1867 daAuts
Vaults:1: 1845 daAuts
     D:8: 1779 daAuts
 Snake:3: 1637 daAuts
  Lair:3: 1621 daAuts
 Snake:2: 1585 daAuts
    D:12: 1575 daAuts
Vaults:3: 1555 daAuts
 Snake:1: 1497 daAuts
   Orc:2: 1376 daAuts
    D:14: 1312 daAuts
Shoals:1: 1306 daAuts
